 Dungeon Crawl Stone Soup version 0.29-a0-375-g5102b3be25 (webtiles) character file.

Game seed: 10442216127429374204

653 spaghetti the Covert (level 7, -6/60 HPs)
             Began as a Gnoll Delver on May 3, 2022.
             Was a Priest of Ignis.
             Mangled by Pikel
             ... wielding a +0 whip of electrocution
              (12 damage)
             ... on level 3 of the Dungeon.
             The game lasted 00:07:21 (4367 turns).

spaghetti the Covert (Gnoll Delver)                 Turns: 4367, Time: 00:07:21

Health: -6/60      AC:  4    Str: 11    XL:     7   Next: 54%
Magic:  8/10       EV: 13    Int: 11    God:    Ignis [***...]
Gold:   224        SH:  0    Dex: 14    Spells: 0/11 levels left

rFire   + . .      SeeInvis .   A - +0 rapier {short}
rCold   . . .      Faith    .   (no shield)
rNeg    . . .      Spirit   .   b - +0 leather armour
rPois   .          Reflect  .   (no helmet)
rElec   .          Harm     .   (no cloak)
rCorr   .          Rampage  .   D - +0 pair of gloves
Will    .....                   (no boots)
Stlth   ++++......              (no amulet)
HPRegen 0.20/turn               (no ring)
MPRegen 0.12/turn               (no ring)

@: freezing walls
A: fangs 1, strong nose, distributed training
a: Renounce Religion, Fiery Armour, Foxfire Swarm


You were on level 3 of the Dungeon.
You worshipped Ignis.
Ignis was most pleased with you.
You visited 2 branches of the dungeon, and saw 6 of its levels.

You collected 224 gold pieces.


Innate Abilities, Weirdness & Mutations

You have very sharp teeth.
Your uncanny sense of smell can sniff out nearby items.
Your experience applies equally to all skills.


   Skills:
 + Level 7.1 Fighting
 + Level 5.3 Short Blades
 + Level 2.5 Long Blades
 + Level 2.5 Axes
 + Level 2.5 Maces & Flails
 + Level 2.5 Polearms
 + Level 2.5 Staves
 + Level 2.5 Slings
 + Level 2.5 Bows
 + Level 2.5 Crossbows
 + Level 2.5 Throwing
 + Level 2.5 Armour
 + Level 5.3 Dodging
 + Level 9.9 Stealth
 + Level 2.5 Shields
 + Level 2.5 Unarmed Combat
 + Level 2.5 Spellcasting
 + Level 2.1 Conjurations
 + Level 2.1 Hexes
 + Level 2.1 Summonings
 + Level 2.1 Necromancy
 + Level 2.1 Translocations
 + Level 2.1 Transmutations
 + Level 2.1 Fire Magic
 + Level 2.1 Ice Magic
 + Level 2.1 Air Magic
 + Level 2.1 Earth Magic
 + Level 2.1 Poison Magic
 + Level 2.8 Invocations
 + Level 2.5 Evocations


You couldn't memorise any spells.
You knew the following spells:

 Your Spells              Type           Power      Damage    Failure   Level
a - Frozen Ramparts       Ice            12%        1d3       41%         3
b - Ice Form              Ice/Tmut       6%         N/A       83%         4
c - Summon Ice Beast      Ice/Summ       6%         N/A       83%         4

Your spell library contained the following spells:

 Spells                   Type           Power      Damage    Failure   Level
 Summon Guardian Golem    Hex/Summ       6%         N/A       41%         3
 Orb of Destruction       Conj           3%         9d5       100%        7
 Spellforged Servitor     Conj/Summ      3%         N/A       100%        7

Inventory:

Hand Weapons
 a - a +0 short sword {short}
 f - a +1 dagger of freezing {short}
   (You took it off Jessica on level 3 of the Dungeon)
 A - a +0 rapier (weapon) {short}
   (You found it on level 3 of the Dungeon)
Missiles
 e - 134 stones (quivered) {throwing}
 i - 2 boomerangs {throwing}
 q - 2 poisoned darts {throwing}
 s - 2 datura-tipped darts {throwing}
Armour
 b - a +0 leather armour (worn)
 D - a +0 pair of gloves (worn)
   (You found it on level 3 of the Dungeon)
Jewellery
 u - a ring of positive energy
   (You found it on level 1 of the Dungeon)
 y - a ring of poison resistance
   (You found it on level 2 of the Dungeon)
Wands
 g - a wand of digging (3)
 B - a wand of flame (16)
   (You took it off Jessica on level 3 of the Dungeon)
Scrolls
 c - 2 scrolls of fog
 d - a scroll of magic mapping {!r}
 k - a scroll of fear
 o - 2 scrolls of blinking {!r}
 v - a scroll of enchant weapon
 x - a scroll of immolation {!r!r}
 C - a scroll of torment {unknown}
Potions
 h - 3 potions of cancellation {unknown}
 j - 3 potions of heal wounds {unknown}
 l - a potion of haste {@q3}
 m - 3 potions of degeneration {unknown}
 n - 3 potions of invisibility {unknown}
 r - 2 potions of curing {unknown}
 t - a potion of flight {unknown}
 w - a potion of brilliance {unknown}
Miscellaneous
 z - a piece from Xom's chessboard (15/15)
   (You found it on level 3 of the Dungeon)

Dungeon Overview and Level Annotations

Branches:
Dungeon (5/15)             Temple (1/1) D:5

Altars:
Fedhas
Kikubaaqudgha
Makhleb
Ru
Sif Muna
Xom
Yredelemnul
The Shining One
Ignis

Annotations:
D:3 Pikel

#.###############.# #.#
#.#######.# #######.# #.......#.#
#.......# #.#####.#.# #.#######
#.#.....#.# ##.# #.#.#####.####
.#.########### #.#.# #......#####
.#.#.........# #.#.#####.........
.#'#.........###@#........#.####.
...............Kr....[....#.####.
............[.o.....[.....+....#.
........)....>............####.#.
..b.........†[.................#.
...............................#.
.b...###....#....>........###.##.
b..#.# #....##............# #....
####.#########............# #####


You could see Pikel (ally target), a friendly orc (summoned) and a friendly
quokka (summoned).


Message History

You barely miss something. Something hits you but does no damage.
The hobgoblin closely misses you.
You completely miss something. Your bite misses something.
The hobgoblin hits you but does no damage.
Something hits you but does no damage.
You hit the hobgoblin.
You kill the hobgoblin!
Something hits you. 😕 HP[-4]
You take 4 damage, and now have 52/60 hp.
Something completely misses you.
You see here a hobgoblin corpse.
You puncture something!
Reactivating autopickup.
You feel a bit more experienced. 😕 HP[+1]
Items here: )) [[ †.
There is a stone staircase leading down, spattered with blood here.
You climb downwards.
Level annotation: Pikel Pikel hits you with a +0 whip of electrocution.
Pikel closely misses you.
A lemure comes into view. x2
There is a stone staircase leading up here. 😕 HP[-2]
You take 2 damage, and now have 51/60 hp.
Unknown command.
The lemure shouts! x2
Pikel hits you with a +0 whip of electrocution.
You are electrocuted!
You climb upwards.
There is a stone staircase leading down, spattered with blood here.
Unknown command. 😮 HP[-14]
You take 14 damage, and now have 37/60 hp.
MASSIVE DAMAGE!! (PAUSE) Unknown command.
Unknown command.
Unknown command.
Casting: Frozen Ramparts (dangerous; 41% risk of failure)
Confirm with . or Enter, or press ? or * to list all spells.
Casting: Frozen Ramparts (dangerous; 41% risk of failure)
Press: ? - help, Dir - look around, f - activate A stone staircase leading down, spattered with blood.
Okay, then.
Pikel attacks as you move away! Pikel barely misses you.
Things that are here:
a +0 falchion {long}; an orc corpse
There is an open door here. 😮 HP[+1]
Casting: Frozen Ramparts (dangerous; 41% risk of failure)
Confirm with . or Enter, or press ? or * to list all spells.
Casting: Frozen Ramparts (dangerous; 41% risk of failure)
Press: ? - help, Dir - look around, f - activate An open door.
The walls around you are covered in ice.
The wall freezes Pikel.
Pikel hits you with a +0 whip of electrocution.
You are electrocuted!
* * * LOW HITPOINT WARNING * * *
😨 HP[-18] MP[-3]
You take 18 damage, and now have 20/60 hp.
MASSIVE DAMAGE!! (PAUSE)
You lost 3 mp, and now have 7/10 mp.
Unknown command.
As you read the scroll of summoning, it crumbles to dust.
Wisps of shadow whirl around you...
The wall freezes Pikel.
Pikel hits you with a +0 whip of electrocution.
* * * LOW HITPOINT WARNING * * *
😨 HP[-2]
You take 2 damage, and now have 18/60 hp.
Unknown command.
You closely miss Pikel. You hit Pikel. Your orc hits Pikel with a +0 hand axe.
The wall freezes Pikel.
Pikel barely misses you.
Your quokka bites Pikel but does no damage.
You hit Pikel but do no damage.
Your orc barely misses Pikel.
The wall freezes Pikel.
Pikel barely misses you.
Your quokka closely misses Pikel. 😨 HP[+1]
You barely miss Pikel.
Your orc barely misses Pikel.
The wall freezes Pikel.
Pikel hits you with a +0 whip of electrocution!
* * * LOW HITPOINT WARNING * * *
Your quokka bites Pikel. 😱 HP[-9]
You take 9 damage, and now have 10/60 hp.
Unknown command.
Your frozen ramparts will break if you move.
Continue?
Okay, then.
You hit Pikel but do no damage. Your orc hits Pikel with a +0 hand axe.
The wall freezes Pikel.
Pikel closely misses you.
Your quokka barely misses Pikel.
You barely miss Pikel. Your bite misses Pikel.
Your quokka bites Pikel.
The wall freezes Pikel.
Pikel misses you.
Your orc closely misses Pikel.
You hit Pikel.
Your quokka barely misses Pikel.
Your orc hits Pikel but does no damage.
The wall freezes Pikel.
Pikel hits you with a +0 whip of electrocution.
* * * LOW HITPOINT WARNING * * *
You are electrocuted!
You die...

Skill      XL: |  1  2  3  4  5  6  7 |
---------------+----------------------+-----
Stealth        | |  9.9
Long Blades    | 1 2 |  2.5
Axes           | 1 2 |  2.5
Maces & Flails | 1 2 |  2.5
Polearms       | 1 2 |  2.5
Staves         | 1 2 |  2.5
Slings         | 1 2 |  2.5
Bows           | 1 2 |  2.5
Crossbows      | 1 2 |  2.5
Throwing       | 1 2 |  2.5
Armour         | 1 2 |  2.5
Shields        | 1 2 |  2.5
Unarmed Combat | 1 2 |  2.5
Spellcasting   | 1 2 |  2.5
Conjurations   | 1 2 |  2.1
Hexes          | 1 2 |  2.1
Summonings     | 1 2 |  2.1
Necromancy     | 1 2 |  2.1
Translocations | 1 2 |  2.1
Transmutations | 1 2 |  2.1
Fire Magic     | 1 2 |  2.1
Ice Magic      | 1 2 |  2.1
Air Magic      | 1 2 |  2.1
Earth Magic    | 1 2 |  2.1
Poison Magic   | 1 2 |  2.1
Invocations    | 1 2 |  2.8
Evocations     | 1 2 |  2.5
Short Blades   | 5 |  5.3
Dodging        | 5 |  5.3
Fighting       | 7 |  7.1

Action                   |  1- 3 |  4- 6 |  7- 9 || total
-------------------------+-------+-------+-------++-------
Melee: Short sword       |     1 |   125 |    15 ||   141
       Bite              |       |    13 |    12 ||    25
       Punch             |       |     3 |     2 ||     5
       Rapier            |       |       |   121 ||   121
Throw: Stone             |       |    13 |       ||    13
 Cast: Frozen Ramparts   |       |       |     3 ||     3
Invok: Foxfire Swarm     |     1 |     1 |     1 ||     3
       Rising Flame      |       |       |     1 ||     1
Evoke: Piece from Xom's  |       |     2 |       ||     2
  Use: Scroll            |     1 |       |     5 ||     6
       Potion            |     1 |       |       ||     1
 Stab: Sleeping          |       |    10 |    14 ||    24
       Distracted        |       |     1 |     1 ||     2
Armor: Leather armour    |       |    21 |    31 ||    52
Dodge: Dodged            |     1 |    62 |    83 ||   146

Levels and vault maps discovered:
D:1:      dpeg_arrival_short_road, layout_basic, st_stairs_10, minivault_24
D:2:      minmay_kobold_bridge, layout_basic, chequers_ecumenical_altar_lobes,
          hex_large
D:3:      minmay_razor_zed, layout_basic, xom_butterflies,
          mainiacjoe_overflow_catwalk, uniq_grinder, uniq_jessica
D:4:      layout_rooms, mainiacjoe_overflow_surrounded_room, uniq_pikel
D:5:      layout_rooms, nicolae_uskayaw_suspiria, minmay_temple_entry_hall,
          uniq_menkaure, uniq_prince_ribbit1
Temple:   ebering_untended_altars

Notes
Turn   | Place    | Note
-------+----------+-------------------------------------------
     0 | D:5      | Reached skill level 9 in Stealth
     0 | D:5      | spaghetti the Gnoll Delver began the quest for the Orb.
     0 | D:5      | Reached XP level 1. HP: 23/23 MP: 1/1
     0 | D:5      | magus.rc [v1.9.6]
    14 | D:5      | Noticed Prince Ribbit
    17 | D:5      | Found a staircase to the Ecumenical Temple.
    33 | Temple   | Entered the Ecumenical Temple
   251 | Temple   | Became a worshipper of Ignis, the Dying Flame
   265 | D:5      | Killed Prince Ribbit
   266 | D:5      | Reached skill level 1 in Long Blades
   266 | D:5      | Reached skill level 1 in Axes
   266 | D:5      | Reached skill level 1 in Maces & Flails
   266 | D:5      | Reached skill level 1 in Polearms
   266 | D:5      | Reached skill level 1 in Staves
   266 | D:5      | Reached skill level 1 in Slings
   266 | D:5      | Reached skill level 1 in Bows
   266 | D:5      | Reached skill level 1 in Crossbows
   266 | D:5      | Reached skill level 1 in Throwing
   266 | D:5      | Reached skill level 1 in Armour
   266 | D:5      | Reached skill level 1 in Shields
   266 | D:5      | Reached skill level 1 in Unarmed Combat
   266 | D:5      | Reached skill level 1 in Spellcasting
   266 | D:5      | Reached skill level 1 in Conjurations
   266 | D:5      | Reached skill level 1 in Hexes
   266 | D:5      | Reached skill level 1 in Summonings
   266 | D:5      | Reached skill level 1 in Necromancy
   266 | D:5      | Reached skill level 1 in Translocations
   266 | D:5      | Reached skill level 1 in Transmutations
   266 | D:5      | Reached skill level 1 in Fire Magic
   266 | D:5      | Reached skill level 1 in Ice Magic
   266 | D:5      | Reached skill level 1 in Air Magic
   266 | D:5      | Reached skill level 1 in Earth Magic
   266 | D:5      | Reached skill level 1 in Poison Magic
   266 | D:5      | Reached skill level 1 in Invocations
   266 | D:5      | Reached skill level 1 in Evocations
   266 | D:5      | Reached XP level 2. HP: 29/29 MP: 1/4
   266 | D:5      | Reached XP level 3. HP: 35/35 MP: 1/5
   266 | D:5      | Reached XP level 4. HP: 41/41 MP: 1/6
   266 | D:5      | Reached XP level 5. HP: 47/47 MP: 1/7
   364 | D:3      | Found a shimmering altar of Xom.
   372 | D:3      | Noticed Grinder
  1370 | D:1      | Reached XP level 6. HP: 52/53 MP: 8/8
  1523 | D:1      | Reached skill level 2 in Invocations
  1743 | D:1      | You pick up a book of Rime and begin reading...
  1743 | D:1      | You add the spells Frozen Ramparts, Ice Form and Summon Ice
                  | Beast to your library.
  1772 | D:1      | Learned a level 3 spell: Frozen Ramparts
  1777 | D:1      | Learned a level 4 spell: Ice Form
  2176 | D:2      | You pick up a book of Dangerous Friends and begin
                  | reading...
  2176 | D:2      | You add the spells Summon Guardian Golem, Orb of
                  | Destruction and Spellforged Servitor to your library.
  2294 | D:2      | You fall into a shaft and drop 1 floor!
  2387 | D:3      | Paralysed by Grinder for 4 turns
  2397 | D:3      | Killed Grinder
  2398 | D:3      | Reached skill level 5 in Short Blades
  2398 | D:3      | Reached skill level 2 in Long Blades
  2398 | D:3      | Reached skill level 2 in Axes
  2398 | D:3      | Reached skill level 2 in Maces & Flails
  2398 | D:3      | Reached skill level 2 in Polearms
  2398 | D:3      | Reached skill level 2 in Staves
  2398 | D:3      | Reached skill level 2 in Slings
  2398 | D:3      | Reached skill level 2 in Bows
  2398 | D:3      | Reached skill level 2 in Crossbows
  2398 | D:3      | Reached skill level 2 in Throwing
  2398 | D:3      | Reached skill level 2 in Armour
  2398 | D:3      | Reached skill level 5 in Dodging
  2398 | D:3      | Reached skill level 2 in Shields
  2398 | D:3      | Reached skill level 2 in Unarmed Combat
  2398 | D:3      | Reached skill level 2 in Spellcasting
  2398 | D:3      | Reached skill level 2 in Evocations
  2398 | D:3      | Reached XP level 7. HP: 29/59 MP: 8/10
  2954 | D:3      | Noticed Jessica
  2961 | D:3      | Killed Jessica
  2962 | D:3      | Reached skill level 7 in Fighting
  3182 | D:3      | HP: 14/60 [orc priest/+0 hand axe (6)]
  3490 | D:3      | Reached skill level 2 in Conjurations
  3490 | D:3      | Reached skill level 2 in Hexes
  3490 | D:3      | Reached skill level 2 in Summonings
  3490 | D:3      | Reached skill level 2 in Necromancy
  3490 | D:3      | Reached skill level 2 in Translocations
  3490 | D:3      | Reached skill level 2 in Transmutations
  3490 | D:3      | Reached skill level 2 in Fire Magic
  3490 | D:3      | Reached skill level 2 in Ice Magic
  3490 | D:3      | Reached skill level 2 in Air Magic
  3490 | D:3      | Reached skill level 2 in Earth Magic
  3490 | D:3      | Reached skill level 2 in Poison Magic
  4159 | D:3      | Found a basalt altar of Yredelemnul.
  4335 | D:3      | Learned a level 4 spell: Summon Ice Beast
  4337 | D:4      | Noticed Pikel
  4364 | D:3      | HP: 10/60 [Pikel/+0 whip of electrocution (9)]
  4367 | D:3      | Mangled by Pikel

Vanquished Creatures
  Grinder (D:3)
  Prince Ribbit (D:5)
  2 hounds (D:3)
  An orc priest (D:2)
  Jessica (D:3)
  An orc wizard (D:3)
  A gnoll (D:3)
  2 adders
  A shadow imp (D:5)
  A worm (D:2)
  4 dart slugs
  8 orcs
  4 endoplasms
  2 giant cockroaches
  7 goblins
  6 hobgoblins
  3 jackals (D:1)
  2 quokkas (D:3)
  9 ball pythons
  6 bats
  A frilled lizard (D:3)
  4 kobolds
  11 rats
  A butterfly (D:3)
80 creatures vanquished.

Vanquished Creatures (others)
  47 foxfires
47 creatures vanquished.

Grand Total: 127 creatures vanquished

Table legend:
 A = Non-vault XP
 B = Vault XP
 C = Vault XP percentage of total XP
 D = Non-vault monster count
 E = Vault monster count
 F = Vault count percentage of total count
                 A         B        C        D         E       F
            +---------+---------+-------+---------+---------+-------
      Total |     261 |     673 |  72.1 |      57 |      22 |  27.8
            +---------+---------+-------+---------+---------+-------
        D:1 |      30 |       2 |   6.2 |      16 |       2 |  11.1
        D:2 |      76 |       4 |   5.0 |      12 |       3 |  20.0
        D:3 |     140 |     412 |  74.6 |      27 |      16 |  37.2
        D:4 |       3 |       0 |   0.0 |       1 |       0 |   0.0
        D:5 |      12 |     255 |  95.5 |       1 |       1 |  50.0
            +---------+---------+-------+---------+---------+-------

Illustrated notes

Table legend:
 A = Kills in this place as a percentage of kills in entire the game.
 B = Kills by you in this place as a percentage of kills by you in the entire game.
 C = Kills by friends in this place as a percentage of kills by friends in the entire game.
 D = Other kills in this place as a percentage of other kills in the entire game.
 E = Experience gained in this place as a percentage of experience gained in the entire game.
 F = Experience gained in this place divided by the number of levels of this place that you have seen.
                   A       B       C       D       E      F
               +-------+-------+-------+-------+-------+----------------------
         Total | 100.0 | 100.0 |   N/A |   N/A | 100.0 | 155.7
       Dungeon | 100.0 | 100.0 |   N/A |   N/A | 100.0 | 186.8
               +-------+-------+-------+-------+-------+----------------------

Table legend: (Time is in decaauts)
 A = Elapsed time spent in this place.
 B = Non-inter-level travel time spent in this place.
 C = Inter-level travel time spent in this place.
 D = Time resting spent in this place.
 E = Time spent auto-exploring this place.
 F = Levels seen in this place.
 G = Mean time per level.
                   A        B        C        D        E       F      G
               +--------+--------+--------+--------+--------+-----+--------+
         Total |   4327 |   4177 |    150 |    819 |   2673 |   6 |  721.2 |
       Dungeon |   4112 |   3973 |    139 |    819 |   2483 |   5 |  822.4 |
        Temple |    214 |    203 |     11 |      0 |    190 |   1 |  214.0 |
               +--------+--------+--------+--------+--------+-----+--------+

Top non-repeatable levels by time:
     D:3: 1620 daAuts
     D:2: 1208 daAuts
     D:1: 1149 daAuts
  Temple: 214 daAuts
     D:4: 75 daAuts
     D:5: 58 daAuts
